 Seeded DCSS version 0.28.0 (webtiles) character file.

Game seed: 12455045527757981411 (custom seed)

78833 Illumine the Bludgeoner (level 15, 0/101 HPs)
             Began as a Gargoyle Fighter on Apr 10, 2022.
             Was an Initiate of Gozag.
             Slain by an orc warrior (32 damage)
             ... led by an orc knight
             ... on level 2 of the Orcish Mines.
             The game lasted 00:45:17 (24666 turns).

Illumine the Bludgeoner (Gargoyle Fighter)         Turns: 24666, Time: 00:45:17

Health: 0/101      AC: 35    Str: 27      XL:     15   Next: 61%
Magic:  15/15      EV: 11    Int:  4 (5)  God:    Gozag
Gold:   4651       SH:  0    Dex: 11      Spells: 14/14 levels left

rFire   + + +      SeeInvis +   i - +7 great mace "Firestarter" {inner flame, rF++}
rCold   . . .      Faith    .   (shield currently unavailable)
rNeg    + . .      Spirit   .   z - +6 scale mail "Cisokk" {SInv}
rPois   ∞          Reflect  .   H - +0 helmet
rElec   +          Harm     .   Y - +2 cloak {rCorr}
rCorr   +          Rampage  .   Q - +0 pair of gloves of Gallantry {+Blink rF+ Int-4}
Will    ++...                   N - +0 pair of boots
Stlth   ..........              R - amulet of regeneration
HPRegen 1.06/turn               B - ring of willpower
MPRegen 0.14/turn               j - ring of resist corrosion

@: flying, unable to read
A: sickness immunity, AC +11, big wings, negative energy resistance 1,
electricity resistance, torment resistance 1, petrification resistance, agile 1,
inability to read while threatened
a: Renounce Religion, Evoke Blink, Potion Petition, Call Merchant, Bribe Branch


You were on level 2 of the Orcish Mines.
You worshipped Gozag.
Gozag was most pleased with you.
You visited 4 branches of the dungeon, and saw 23 of its levels.
You visited the Abyss 1 time.
You also visited: Ossuary, Gauntlet and Volcano.

You collected 6924 gold pieces.
You spent 384 gold pieces at shops.
You paid 1889 gold pieces to Gozag.

Inventory:

Hand Weapons
 i - the +7 great mace "Firestarter" (weapon) {inner flame, rF++}
   (You found it on level 11 of the Dungeon)

   It burns those it strikes, dealing additional fire damage.
   It fills those it strikes with an explosive inner flame.
   It grants immunity to clouds of flame.
   rF:        It greatly protects you from fire.
 s - a +3 vampiric morningstar
 t - the +7 shortbow "Demon's Undoing" {speed, Str+4}
   (You found it on level 4 of the Lair of Beasts)

   Attacks with this weapon are significantly faster.
   Str:       It affects your strength (+4).
 C - the +4 mace of the Saviour {vorpal, Will+}
   (You found it on level 7 of the Dungeon)

   It inflicts extra damage upon your enemies.
   Will:      It increases your willpower.
 X - the +10 dagger of Blood {vorpal, rPois Str+3 SInv}
   (You found it on level 5 of the Lair of Beasts)

   It inflicts extra damage upon your enemies.
   Str:       It affects your strength (+3).
   rPois:     It protects you from poison.
   SInv:      It lets you see invisible.
Missiles
 a - 72 arrows
 u - 2 throwing nets
Armour
 z - the +6 scale mail "Cisokk" (worn) {SInv}
   (You bought it in a shop on level 2 of the Dungeon)

   SInv:      It lets you see invisible.
 H - a +0 helmet (worn)
 L - the +5 chain mail "Innar" {-Cast rElec Regen+ Str+5}
   (You took it off a wight on level 9 of the Dungeon)

   Str:       It affects your strength (+5).
   rElec:     It insulates you from electricity.
   -Cast:     It prevents spellcasting.
   Regen:     It increases your rate of health regeneration.
 N - a +0 pair of boots (worn)
 Q - the +0 pair of gloves of Gallantry (worn) {+Blink rF+ Int-4}
   (You bought it in a shop on level 2 of the Lair of Beasts)

   Int:       It affects your intelligence (-4).
   rF:        It protects you from fire.
   +Blink:    It lets you blink.
 Y - a +2 cloak of preservation (worn)
Jewellery
 e - the amulet "Leiwkung" {RegenMP Contam rN+ Int+2}
   (You found it in a Gauntlet)

   [amulet of magic regeneration]

   It increases your rate of magic regeneration.
   Int:       It affects your intelligence (+2).
   rN:        It protects you from negative energy.
   Contam:    It causes magical contamination when unequipped.
 j - a ring of resist corrosion (right hand)
 v - a ring of positive energy
 B - a ring of willpower (left hand)
 F - a +4 ring of protection
 R - an amulet of regeneration (around neck)
Wands
 y - a wand of paralysis (18)
 D - a wand of acid (4) (quivered)
 E - a wand of iceblast (7)
 G - a wand of charming (5)
 P - a wand of flame (21)
Scrolls
 b - 4 scrolls of fog
 c - a scroll of identify
 m - 3 scrolls of fear
 o - 4 scrolls of summoning
 p - 4 scrolls of teleportation
 w - 3 scrolls of holy word
 x - 2 scrolls of torment
 J - 5 scrolls of immolation
 K - a scroll of silence
 T - a scroll of magic mapping
 U - 5 scrolls of blinking
 Z - 2 scrolls of enchant armour
Potions
 d - 4 potions of might
 f - 2 potions of resistance
 g - 4 potions of haste
 h - 7 potions of invisibility
 l - 3 potions of mutation
 n - 2 potions of curing
 r - 6 potions of heal wounds
 M - a potion of berserk rage {unknown}
 O - a potion of attraction {unknown}
 S - a potion of brilliance {unknown}
 W - 3 potions of cancellation
Miscellaneous
 k - a condenser vane
 q - a phantom mirror
 A - a box of beasts
 I - a lightning rod (4/4)
 V - a tin of tremorstones (2/2)


   Skills:
 + Level 14.6 Fighting
 * Level 18.1 Maces & Flails
 + Level 14.4 Armour
 + Level 2.5 Dodging
 - Level 4.1 Shields
 + Level 8.0 Evocations


You had 14 spell levels left.
You didn't know any spells.
Your spell library contained the following spells:

 Spells                   Type           Power      Damage    Failure   Level
 Beastly Appendage        Tmut           0%         N/A       71%         1
 Summon Small Mammal      Summ           0%         N/A       71%         1
 Call Imp                 Summ           0%         N/A       83%         2
 Corpse Rot               Necr/Air       0%         N/A       83%         2
 Ensorcelled Hibernation  Hex/Ice        0%         N/A       83%         2
 Poisonous Vapours        Pois/Air       0%         N/A       83%         2
 Scorch                   Fire           0%         2d5       83%         2
 Wereblood                Tmut           0%         N/A       83%         2
 Call Canine Familiar     Summ           0%         N/A       97%         3
 Dazzling Flash           Conj/Hex       0%         N/A       97%         3
 Gell's Gravitas          Tloc           0%         N/A       97%         3
 Ozocubu's Armour         Ice            0%         N/A       97%         3
 Spider Form              Tmut/Pois      0%         N/A       97%         3
 Summon Guardian Golem    Hex/Summ       0%         N/A       97%         3
 Teleport Other           Tloc           0%         N/A       97%         3
 Tukima's Dance           Hex            0%         N/A       97%         3
 Anguish                  Hex/Necr       0%         N/A       100%        4
 Animate Dead             Necr           0%         N/A       100%        4
 Dispel Undead            Necr           0%         3d6       100%        4
 Flame Wave               Conj/Fire      0%         2d4       100%        4
 Iskenderun's Mystic Bla  Conj/Tloc      0%         2d3       100%        4
 Passage of Golubria      Tloc           0%         N/A       100%        4
 Petrify                  Tmut/Erth      0%         N/A       100%        4
 Blade Hands              Tmut           0%         N/A       100%        5
 Irradiate                Conj/Tmut      0%         3d13      100%        5
 Metabolic Englaciation   Hex/Ice        0%         N/A       100%        5
 Yara's Violent Unravell  Hex/Tmut       0%         3d3       100%        5
 Death Channel            Necr           0%         N/A       100%        6
 Dispersal                Tloc           0%         N/A       100%        6
 Simulacrum               Ice/Necr       0%         N/A       100%        6
 Starburst                Conj/Fire      0%         6d3       100%        6
 Summon Cactus Giant      Summ           0%         N/A       100%        6
 Dragon Form              Tmut           0%         N/A       100%        7
 Haunt                    Necr/Summ      0%         N/A       100%        7
 Infestation              Necr           0%         N/A       100%        8
 Sublimation of Blood     Necr           Unusable   N/A       N/A         2

Dungeon Overview and Level Annotations

Branches:
Dungeon (14/15)            Temple (1/1) D:4            Lair (6/6) D:9
  Swamp (0/4) Lair:3       Spider (0/4) Lair:3        Slime (0/5) Lair:5
    Orc (2/2) D:12         Vaults (0/5) D:13        Ossuary (visited)
Volcano (visited)         Gauntlet (visited)
    Elf: Orc:2

Altars:
Ashenzari
Cheibriados
Dithmenos
Elyvilon
Fedhas
Gozag
Hepliaklqana
Kikubaaqudgha
Makhleb
Nemelex Xobeh
Okawaru
Qazlal
Ru
Sif Muna
Trog
Uskayaw
Vehumet
Wu Jian
Xom
Yredelemnul
Zin
The Shining One
Beogh
Lugonu

Shops:
D:2 *   D:10 (   Lair:2 *

Portals:
Abyss: Lair:6
Trove: D:13 (show slimy rune of Zot)

Annotations:
D:3 1 runed translucent door, Crazy Yiuf
D:11 exclusion: 2 orange crystal statues
Orc:1 2 runed translucent doors, Panangbesa's ghost, journeyman MiFi


Innate Abilities, Weirdness & Mutations

You are immune to sickness and miasma.
Your stone body is resilient. (AC +11)
You are immune to poison.
Your large and strong wings let you fly.
You resist negative energy. (rN+)
You are resistant to electric shocks. (rElec)
You are resistant to unholy torment.
You are immune to petrification.
You are agile. (Dex +2)
You sometimes lose the ability to read scrolls when taking damage.


Message History

Unknown command.
You sock the orc knight! You burn the orc knight.
The orc knight is filled with an inner flame.
The orc knight is moderately wounded.
Unknown command.
You closely miss the orc knight.
The orc knight is moderately wounded.
The orc priest invokes the aid of Beogh against you.
Beogh smites you! The orc hits you with a +0 whip.
An orc comes into view. It is wielding a +0 mace.
The orc hits you but does no damage.
The orc knight hits you but does no damage.
The orc warrior hits you with a +0 dire flail.
The orc warrior barely misses you.
You barely miss the orc knight.
The orc knight is moderately wounded.
The orc shouts!
The orc misses you. The troll closely misses you. x2
The troll claws you but does no damage. The orc closely misses you.
The orc warrior misses you.
The orc knight roars a battlecry!
The orcs go into a battle-frenzy!
The orc warrior hits you but does no damage.
You hit the orc knight but do no damage.
The orc knight is moderately wounded.
The orc warrior hits you from afar with a +0 glaive!!
You feel threatened and lose the ability to read scrolls!
The orc priest closely misses you. The orc barely misses you.
The troll bites you. The troll closely misses you. The troll barely misses you.
Unknown command.
You hit the orc knight but do no damage.
The orc knight is moderately wounded.
An orc wizard comes into view. It is wielding a +5 dagger.
The orc hits you but does no damage.
The orc warrior hits you with a +0 dire flail.
The orc knight hits you with a +0 long sword!
The orc warrior hits you with a +0 dire flail!
The orc warrior hits you from afar with a +0 glaive!!
You die...
Your body crumbles into a pile of gold.

..o...
#....###
#o.....#
#......###
##........#
#........#
...#..ooo..#
$
......o@o.#
.....oToo.#
.........##
........##
.......##
.......
.#.....
#####. $ $


You could see an orc knight (inner flame), a troll, 3 orc warriors, an orc
priest (strong), 2 orc wizards and 3 orcs.

Vanquished Creatures
  A minotaur (Gauntlet)
  A boulder beetle (D:13)
  11 hydras
  2 vault guards (D:13)
  Erolcha (D:13)
  3 catoblepae
  4 two-headed ogres
  2 centaur warriors (D:13)
  A tengu warrior (Gauntlet)
  5 death yaks
  3 thrashing horrors (Lair:6)
  Nergalle (Lair:4)
  A wretched star (Gauntlet)
  A bog body (Lair:3)
  3 orc knights
  A wizard (D:7)
  A lindwurm (Lair:2)
  6 ugly things
  2 deep elf pyromancers (D:12)
  5 cyclopes
  3 manticores
  A wolf spider (shapeshifter) (Lair:6)
  3 salamanders (Volcano)
  8 elephants
  6 black mambas
  9 cane toads
  A smoke demon (Lair:6)
  A torpor snail (Lair:4)
  6 molten gargoyles (Volcano)
  5 gargoyles
  An unseen horror (D:12)
  5 rime drakes
  8 komodo dragons
  A tengu conjurer (Gauntlet)
  An ice devil (Gauntlet)
  2 efreet
  2 ancient zymes (Lair:6)
  4 large abominations
  A meliai (D:13)
  A polar bear (Lair:4)
  6 trolls
  7 slime creatures
  23 blink frogs
  A jumping spider (Lair:3)
  4 ynoxinuls (Lair:6)
  Sigmund (D:2)
  A spriggan (Lair:6)
  4 wyverns
  2 vampires
  A culicivora (Lair:3)
  2 wraiths (D:10)
  39 yaks
  Eustachio (D:6)
  A chaos spawn (Lair:6)
  A neqoxec (Gauntlet)
  7 basilisks
  A steam dragon (D:8)
  2 vampire mosquitoes (D:10)
  Edmund (D:6)
  A redback (Lair:3)
  A warg (Orc:1)
  3 swamp worms (Lair:3)
  2 acid dragons
  10 water moccasins
  Duvessa (D:7)
  11 orc warriors
  2 hornet zombies (D:7)
  4 necrophages
  3 black bears
  An ice beast (D:4)
  9 ogres
  A centaur (D:12)
  21 wolves
  2 phantoms
  3 kobold brigands (D:12)
  7 bullfrogs
  4 scorpions
  3 gnoll sergeants (D:12)
  Dowan (D:7)
  A wyvern skeleton (D:6)
  16 killer bees
  20 wights
  9 electric eels
  5 howler monkeys
  A crimson imp (D:4)
  14 small abominations
  6 centaur zombies
  A hound (D:6)
  3 human zombies (Ossuary)
  A jelly (D:5)
  3 orc priests
  A centaur skeleton (D:5)
  2 gnoll shamans
  2 bullfrog skeletons
  2 iguanas
  A scorpion zombie (D:5)
  Ijyb (D:4)
  Natasha (thrice) (D:2)
  14 orc wizards
  2 killer bee zombies (D:7)
  A hound skeleton (D:5)
  4 mummies
  3 howler monkey zombies
  16 gnolls
  A howler monkey skeleton (D:4)
  9 adders
  3 shadow imps
  6 white imps
  An adder skeleton (D:4)
  2 dart slugs
  41 orcs
  5 bats
  8 endoplasms
  4 giant cockroaches
  13 hobgoblins
  A jackal (D:3)
  7 kobolds
  3 quokkas
  9 ball pythons
  6 frilled lizards
  6 gnoll zombies (Ossuary)
  9 goblins
  A goblin zombie (Ossuary)
  2 hobgoblin zombies (Ossuary)
  2 orc zombies (Ossuary)
  4 rats
  A spectral orc (D:7)
595 creatures vanquished.

Vanquished Creatures (others)
  A wizard (Volcano)
  A wight (D:8)
  An orc wizard (D:10)
  A bush (Lair:5)
  70 fungi
  108 plants
182 creatures vanquished.

Grand Total: 777 creatures vanquished

Notes
Turn   | Place    | Note
-------+----------+-------------------------------------------
     0 | D:1      | Illumine the Gargoyle Fighter began the quest for the Orb.
     0 | D:1      | Reached XP level 1. HP: 14/14 MP: 1/1
   164 | D:1      | Found a faded altar of an unknown god.
   290 | D:1      | Reached XP level 2. HP: 19/19 MP: 2/2
  1066 | D:2      | Reached XP level 3. HP: 21/23 MP: 3/3
  1326 | D:2      | Found Nuelawn's Assorted Antiques.
  1339 | D:2      | Reached skill level 3 in Maces & Flails
  1422 | D:3      | Reached XP level 4. HP: 15/29 MP: 4/4
  1907 | D:3      | Found a runed translucent door.
  1908 | D:3      | Noticed Crazy Yiuf
  2382 | D:3      | Reached XP level 5. HP: 28/33 MP: 5/5
  2835 | D:4      | Reached skill level 4 in Maces & Flails
  2963 | D:4      | Noticed a phantom
  2986 | D:4      | Killed a phantom
  2987 | D:4      | Reached XP level 6. HP: 27/39 MP: 6/6
  2999 | D:4      | Noticed an ice beast
  3010 | D:4      | Killed an ice beast
  3011 | D:4      | Reached skill level 5 in Maces & Flails
  3544 | D:4      | Noticed a necrophage
  3557 | D:4      | Killed a necrophage
  3558 | D:4      | Reached skill level 5 in Fighting
  3558 | D:4      | Reached XP level 7. HP: 23/44 MP: 7/7
  4185 | D:4      | Noticed Ijyb
  4191 | D:4      | Paralysed by Ijyb for 6 turns
  4200 | D:4      | Killed Ijyb
  4433 | D:4      | Found a staircase to the Ecumenical Temple.
  4442 | Temple   | Entered the Ecumenical Temple
  4522 | Temple   | Became a worshipper of Gozag Ym Sagoz the Greedy
  4629 | D:2      | Bought a jewelled scale mail for 162 gold pieces
  4629 | D:2      | Identified the +6 scale mail "Cisokk" {SInv} (You bought it
                  | in a shop on level 2 of the Dungeon)
  4784 | D:2      | Noticed Sigmund
  4934 | D:2      | Killed Sigmund
  4935 | D:2      | Reached skill level 6 in Maces & Flails
  4935 | D:2      | Reached skill level 5 in Armour
  5051 | D:2      | Noticed Natasha
  5057 | D:2      | Killed Natasha
  5095 | D:2      | Noticed Natasha
  5105 | D:2      | Killed Natasha
  5106 | D:2      | Reached XP level 8. HP: 50/51 MP: 8/8
  5127 | D:2      | Noticed Natasha
  5133 | D:2      | Killed Natasha
  5227 | D:5      | Entered Level 5 of the Dungeon
  5266 | D:5      | Found a sand-covered staircase.
  5272 | Ossuary  | Entered an ossuary
  5547 | D:5      | Reached skill level 7 in Maces & Flails
  6630 | D:6      | Reached skill level 8 in Maces & Flails
  6751 | D:6      | Reached XP level 9. HP: 53/57 MP: 9/9
  6809 | D:6      | Noticed Eustachio
  6832 | D:6      | Killed Eustachio
  7722 | D:6      | Noticed Edmund
  7734 | D:6      | Killed Edmund
  7735 | D:6      | Reached skill level 9 in Maces & Flails
  7921 | D:7      | Identified the +4 mace of the Saviour {vorpal, Will+}
  7930 | D:7      | Found a basalt altar of Yredelemnul.
  7935 | D:7      | Found a shadowy altar of Dithmenos.
  7955 | D:7      | Noticed a wizard
  7978 | D:7      | Killed a wizard
  7979 | D:7      | Reached skill level 1 in Evocations
  8212 | D:7      | Noticed a +0 falchion
  8212 | D:7      | Noticed a +0 spear
  8213 | D:7      | Noticed a +0 falchion
  8213 | D:7      | Noticed a +0 dagger
  8214 | D:7      | Noticed a +0 short sword
  8214 | D:7      | Noticed a +0 spear
  8215 | D:7      | Noticed a +0 short sword
  8216 | D:7      | Noticed a +0 dagger
  8225 | D:7      | Found an ornate altar of the Wu Jian Council.
  8262 | D:7      | Found a hide-covered altar of Uskayaw.
  8314 | D:7      | Reached XP level 10. HP: 62/64 MP: 10/10
  8394 | D:7      | Noticed Duvessa
  8459 | D:7      | Killed Duvessa
  8483 | D:7      | Noticed Dowan
  8502 | D:7      | Killed Dowan
  8503 | D:7      | Reached skill level 10 in Maces & Flails
  9099 | D:7      | Found a hazy altar of Hepliaklqana.
  9699 | D:8      | Noticed a manticore
  9708 | D:8      | Killed a manticore
 10157 | D:8      | Reached skill level 1 in Dodging
 11862 | D:9      | Found a blossoming altar of Fedhas.
 12138 | D:9      | Reached XP level 11. HP: 36/71 MP: 11/11
 12338 | D:9      | Found a radiant altar of Vehumet.
 12362 | D:9      | Found a staircase to the Lair.
 12389 | D:9      | Reached skill level 11 in Maces & Flails
 12545 | D:9      | Identified the +5 chain mail "Innar" {-Cast rElec Regen+
                  | Str+5}
 12894 | D:10     | Entered Level 10 of the Dungeon
 13008 | Lair:1   | Entered Level 1 of the Lair of Beasts
 13290 | Lair:1   | Reached skill level 5 in Evocations
 13507 | Lair:1   | Noticed an eight-headed hydra
 13515 | Lair:1   | Killed an eight-headed hydra
 13516 | Lair:1   | Reached skill level 10 in Fighting
 13516 | Lair:1   | Reached skill level 12 in Maces & Flails
 14219 | Lair:2   | Bought the +0 pair of gloves of Gallantry {+Blink rF+
                  | Int-4} for 222 gold pieces
 14407 | Lair:2   | Reached skill level 10 in Armour
 14452 | Lair:2   | Found a dark tunnel.
 14452 | Lair:2   | Noticed a lindwurm
 14458 | Lair:2   | Killed a lindwurm
 14459 | Lair:2   | Reached XP level 12. HP: 64/78 MP: 12/12
 14466 | Volcano  | Entered a volcano
 14630 | Volcano  | Reached skill level 13 in Maces & Flails
 15005 | Volcano  | Noticed an orb of fire
 15049 | Volcano  | Noticed an orb of fire
 15654 | Lair:2   | Reached skill level 14 in Maces & Flails
 15904 | Lair:2   | Noticed an eight-headed hydra
 15910 | Lair:2   | Killed an eight-headed hydra
 16045 | Lair:3   | Noticed a six-headed hydra
 16053 | Lair:3   | Killed a six-headed hydra
 16054 | Lair:3   | Reached XP level 13. HP: 58/85 MP: 13/13
 16804 | Lair:3   | Found a staircase to the Swamp.
 17004 | Lair:3   | Found a hole to the Spider Nest.
 17231 | Lair:4   | Noticed Nergalle
 17513 | Lair:4   | Reached skill level 15 in Maces & Flails
 17774 | Lair:4   | Killed Nergalle
 18772 | Lair:4   | Identified the +7 shortbow "Demon's Undoing" {speed, Str+4}
 19193 | Lair:5   | Reached skill level 16 in Maces & Flails
 19193 | Lair:5   | Gained mutation: Your large and strong wings let you fly.
                  | [Gargoyle growth]
 19193 | Lair:5   | Reached XP level 14. HP: 94/94 MP: 14/14
 19305 | Lair:5   | Found a staircase to the Slime Pits.
 19534 | Lair:5   | Identified the +10 dagger of Blood {vorpal, rPois Str+3
                  | SInv}
 19678 | Lair:6   | Entered Level 6 of the Lair of Beasts
 20593 | Lair:6   | Reached skill level 17 in Maces & Flails
 20617 | Lair:6   | Cast into level 2 of the Abyss (spriggan)
 20686 | Lair:6   | Escaped the Abyss
 20739 | Lair:6   | Found a corrupted altar of Lugonu.
 20739 | Lair:6   | Found a one-way gate to the infinite horrors of the Abyss.
 20745 | Lair:6   | Identified the +1 leather armour "Mukumele" {Rampage Will+
                  | SInv}
 21356 | D:10     | Found Oboseat's Antique Weapon Shoppe.
 22002 | D:11     | Reached XP level 15. HP: 100/100 MP: 15/15
 22237 | D:11     | Found the +7 great mace "Firestarter" {inner flame, rF++}
 22475 | D:12     | Identified the +6 falchion "Xynug" {drain, rElec rN+}
 22516 | D:12     | Found a staircase to the Orcish Mines.
 22609 | D:12     | You are sucked into a shaft and drop 1 floor!
 22638 | D:13     | Found a gate to the Vaults.
 22794 | D:13     | Found a gate leading to a gauntlet.
 22810 | Gauntlet | Entered a Gauntlet
 22810 | Gauntlet | Found a transporter.
 22813 | Gauntlet | Found a transporter.
 22815 | Gauntlet | Found a transporter.
 22830 | Gauntlet | Found a transporter.
 22831 | Gauntlet | Found a transporter.
 22842 | Gauntlet | Found a transporter.
 22860 | Gauntlet | Found a transporter.
 22870 | Gauntlet | Found a transporter.
 22880 | Gauntlet | Found a transporter.
 22895 | Gauntlet | Found a transporter.
 22904 | Gauntlet | Found a transporter.
 22906 | Gauntlet | Found a transporter.
 23015 | Gauntlet | Found a transporter.
 23105 | Gauntlet | Identified the +9 dagger of Xomulyucs {drain, rPois rCorr
                  | Str-2 Dex-4}
 23117 | Gauntlet | Gained mutation: You sometimes lose the ability to read
                  | scrolls when taking damage. [a neqoxec]
 23121 | Gauntlet | Identified the amulet "Leiwkung" {RegenMP Contam rN+ Int+2}
 23122 | Gauntlet | Gained mutation: You are agile. (Dex +2) [a neqoxec]
 23205 | Gauntlet | Identified the +1 spear of the Head {drain, rN+ rCorr
                  | Stlth+}
 23205 | Gauntlet | Identified the +1 ring mail "Tuakerom" {rC+}
 23302 | D:13     | Noticed Erolcha
 23311 | D:13     | Killed Erolcha
 23360 | D:13     | Found a portal to a secret trove of treasure.
 23388 | D:13     | Got Easy Hermeneutics
 23801 | D:12     | Reached skill level 18 in Maces & Flails
 24156 | Orc:1    | Entered Level 1 of the Orcish Mines
 24326 | Orc:1    | Found a large runed translucent door.
 24326 | Orc:1    | Found a large runed translucent door.
 24346 | Orc:1    | Noticed Panangbesa's ghost (journeyman MiFi)
 24658 | Orc:2    | Entered Level 2 of the Orcish Mines
 24666 | Orc:2    | Slain by an orc warrior

Illustrated notes

Levels and vault maps discovered:
D:1:      heliophobic_arrival_enchanted_forest, layout_loops_corners,
          nicolae_ecumenical_lake_church, minmay_misc_feat_room
D:2:      layout_loops_ring, serial_shops, nicolae_shop_advertising_works
          [nicolae_subvault_shop_adworks], uniq_natasha, uniq_sigmund
D:3:      layout_rooms, hangedman_abyss_or_decor_stabs, chequers_arboretum,
          minmay_fractal_squares_diagonal_5, uniq_crazy_yiuf_cottage
D:4:      layout_cave_pods, lemuel_temple_firewalk_b, serial_column_ruins,
          column_ruins_square_large, column_ruins_hut_pillars,
          column_ruins_grid_1, column_ruins_open_small, column_ruins_grid_1,
          minmay_fire_ice_demons, uniq_ijyb
D:5:      layout_loops_cross, enter_ossuary_5, serial_bayou_pond_d
D:6:      cheibrodos_iron_armory, layout_layer_cave, uniq_eustachio, uniq_edmund
D:7:      cheibrodos_wizards_tower, layout_gridville, nicolae_uskayaw_en_pointe,
          nicolae_hepliaklqana_monster_ancestors, amcnicky_altar_gilded,
          mainiacjoe_overflow_catwalk_spiral, serial_undead, serial_undead_d,
          serial_undead_c, serial_undead_e, serial_undead_f, serial_undead_f,
          serial_undead_d, due_unseen_surprise, uniq_duvessa
D:8:      layout_loops_ring, serial_bayou, serial_bayou_lagoon_a,
          serial_bayou_lake_a, serial_bayou_ford_a, serial_bayou_pond_d,
          roderic_lattice_a
D:9:      layout_basic, nicolae_vehumet_altar_sigil, fedhas_altar_1,
          due_lair_maze_entry_diamond
D:10:     layout_big_octagon, grunt_ministairs_6, chequers_avenue,
          nicolae_stop_n_shop_2, amethyst_killhole
D:11:     layout_roguey, david_greed
D:12:     layout_rooms, kennysheep_orc_monster_closet_entryway,
          minmay_misc_feat_alley
D:13:     layout_cave_pods, lightli_vaults_fourway_checkpoint,
          nicolae_trove_entry_crystal, gauntlet_entry_generic, uniq_erolcha
D:14:     layout_irregular_city, serial_bayou, serial_bayou_crossing,
          serial_bayou_lagoon_b, serial_bayou_pond_e, serial_bayou_pond_e,
          nicolae_benzene_ring
Temple:   regret_index_temple_waves
Lair:1:   layout_cave_pods, lemuel_old_faithful, serial_bayou_shore_b
Lair:2:   layout_cave_pods, nicolae_volcano_entry_vermiform
Lair:3:   layout_long_grid, nicolae_swamp_entry_splash_gauntlet,
          spider_nest_entry_funnel_web, chequers_serial_rivers_room_a,
          nicolae_quartered_pool_impasse
Lair:4:   layout_cave_pods, uniq_nergalle
Lair:5:   nzn_motion_control, layout_regular_city, minmay_slime_entry_pillars
Lair:6:   hellmonk_lair_end_abyssal_woods, layout_misc_corridors
Orc:1:    layout_caves, serial_shops, ebering_ghost_disaster_area, mines2_david
Orc:2:    st_orc_congregation, layout_diamond_mine, serial_shops, shop,
          uniq_maurice

Skill      XL: |  1  2  3  4  5  6  7  8  9 10 11 12 13 14 15 |
---------------+----------------------------------------------+-----
Maces & Flails | 3 4 5 6 8 9 10 12 14 16 17 18 | 18.1
Fighting       | 4 5 7 8 9 10 11 13 14 | 14.6
Shields        | 4 |  4.1
Armour         | 4 5 6 7 8 10 11 12 13 14 | 14.4
Evocations     | 2 4 5 7 8 |  8.0
Dodging        | 2 |  2.5

Action                   |  1- 3 |  4- 6 |  7- 9 | 10-12 | 13-15 || total
-------------------------+-------+-------+-------+-------+-------++-------
Melee: Flail             |   107 |   118 |       |       |       ||   225
       War axe           |       |    27 |   308 |       |       ||   335
       Mace              |       |       |    39 |   607 |       ||   646
       Great mace        |       |       |       |    68 |   107 ||   175
       Dire flail        |       |       |       |    10 |       ||    10
       Morningstar       |       |       |       |       |  1214 ||  1214
Throw: Stone             |       |     2 |       |       |       ||     2
       Dart              |       |     4 |    15 |     1 |       ||    20
Invok: Potion Petition   |       |       |       |     3 |       ||     3
       Call Merchant     |       |       |       |     1 |       ||     1
 Abil: Evoke Blink       |       |       |       |       |     1 ||     1
Evoke: Wand              |       |       |       |    14 |     3 ||    17
       Tin of tremorston |       |       |       |       |     1 ||     1
  Use: Scroll            |       |       |     5 |     4 |    20 ||    29
       Potion            |       |       |       |     4 |       ||     4
 Stab: Distracted        |       |       |     1 |       |     7 ||     8
       Invisible         |       |       |       |     1 |       ||     1
       Petrified         |       |       |       |       |     6 ||     6
       Petrifying        |       |       |       |       |     1 ||     1
Armor: Scale mail        |    60 |    37 |   186 |   127 |   209 ||   619
       Chain mail        |       |    30 |    32 |   232 |   769 ||  1063
       Skin              |       |       |       |    10 |       ||    10
Dodge: Dodged            |    57 |    59 |   150 |   240 |   545 ||  1051
Block: Buckler           |    28 |    37 |    64 |    96 |   237 ||   462
